 Dungeon Crawl Stone Soup version 0.24.0-29-g8ce449bc06 (webtiles) character file.

Game seed: 510516443412396893, levelgen mode: deterministic

11981 Mesmaeker13 the Destroyer (level 11, 0/66 HPs)
             Began as a Yellow Draconian Conjurer on Nov 14, 2019.
             Was a Priest of Hepliaklqana.
             Slain by a six-headed hydra (10 damage)
             ... on level 1 of the Lair of Beasts.
             The game lasted 00:28:40 (17350 turns).

Mesmaeker13 the Destroyer (DrCj)                   Turns: 17350, Time: 00:28:40

Health: 0/66       AC: 12    Str: 13    XL:     11   Next: 56%
Magic:  22/28      EV: 17    Int: 25    God:    Hepliaklqana [***...]
Gold:   441        SH:  0    Dex: 11    Spells: 7/20 levels left

rFire    + . .     SeeInvis .   F - +7 great sword "Goneas" {flame, Str+3}
rCold    . . .     Gourm    .   (shield currently unavailable)
rNeg     . . .     Faith    .   (armour unavailable)
rPois    +         Spirit   .   y - +3 hat of Pondering {ponderous, MR+ MP+10 Int+5}
rElec    .         Reflect  .   (no cloak)
rCorr    +         Harm     .   (no gloves)
MR       +....                  c - +1 pair of boots
Stlth    ++........             (no amulet)
HPRegen  0.21/turn              h - ring of poison resistance
MPRegen  0.21/turn              e - ring of protection from fire

@: slow
A: spit acid, unfitting armour, reduced essence, cold-blooded, acid resistance,
AC +7
a: Breathe Acid, Ancestor Life: Knight, Ancestor Life: Battlemage, Ancestor
Life: Hexer, Recall Ancestor, Ancestor Identity, Transference, Renounce Religion


You were on level 1 of the Lair of Beasts.
You worshipped Hepliaklqana.
Hepliaklqana was most pleased with you.
You were hungry.

You visited 3 branches of the dungeon, and saw 12 of its levels.

You collected 728 gold pieces.
You spent 287 gold pieces at shops.

Inventory:

Hand Weapons
 x - a +1 short sword of flaming
 F - the +7 great sword "Goneas" (weapon) {flame, Str+3}
   (You bought it in a shop on level 10 of the Dungeon)

   It has been specially enchanted to burn those struck by it, causing extra
   injury to most foes and up to half again as much damage against particularly
   susceptible opponents.
   Big, fiery blades are also staple armaments of hydra-hunters.
   It affects your strength (+3).
Missiles
 j - 40 poisoned darts
 A - 3 throwing nets (quivered)
Armour
 c - a +1 pair of boots (worn)
 y - the +3 hat of Pondering (worn) {ponderous, MR+ MP+10 Int+5}
   (You found it on level 9 of the Dungeon)

   It affects your intelligence (+5).
   It affects your resistance to hostile enchantments.
   It affects your magic capacity (+10).
Jewellery
 e - a ring of protection from fire (right hand)
 h - a ring of poison resistance (left hand)
 E - an uncursed ring of fire
 K - an uncursed ring of wizardry
Wands
 o - a wand of clouds (11)
 I - a wand of acid (12)
Scrolls
 a - 7 scrolls of enchant weapon
 g - 8 scrolls of teleportation
 i - 5 scrolls of remove curse
 n - 3 scrolls of blinking {unknown}
 q - a scroll of noise {unknown}
 s - 2 scrolls of enchant armour
 B - a scroll of immolation {unknown}
 C - a scroll of vulnerability {unknown}
 G - a scroll of fog
 H - a scroll of amnesia {unknown}
Potions
 d - 5 potions of heal wounds
 f - 2 potions of resistance
 k - 3 potions of agility
 m - 2 potions of might
 p - 4 potions of curing
 r - 2 potions of magic
 t - 2 potions of flight {unknown}
 u - a potion of mutation {unknown}
 v - 2 potions of invisibility {unknown}
 z - a potion of lignification {unknown}
 D - 2 potions of degeneration {unknown}
Comestibles
 b - 18 rations


   Skills:
 + Level 10.1 Dodging
 - Level 1.7 Stealth
 - Level 5.1 Spellcasting
 - Level 11.0 Conjurations
 + Level 8.6 Hexes
 + Level 2.8 Poison Magic


You had 7 spell levels left.
You knew the following spells:

 Your Spells              Type           Power        Failure   Level  Hunger
a - Magic Dart            Conj           ####         1%          1    None
b - Searing Ray           Conj           ######       1%          2    None
c - Fulminant Prism       Conj/Hex       ######....   1%          4    ####...
d - Dazzling Spray        Conj/Hex       ######       1%          3    ##.....
e - Mephitic Cloud        Conj/Pois/Air  ####....     3%          3    ##.....

Your spell library contained the following spells:

 Spells                   Type           Power        Failure   Level  Hunger
 Corona                   Hex            #####..      1%          1    None
 Slow                     Hex            #####...     1%          2    None
 Iskenderun's Mystic Bla  Conj           ######..     1%          4    ####...
 Conjure Flame            Conj/Fire      ####....     2%          3    ##.....
 Cause Fear               Hex            #####.....   2%          4    ####...
 Inner Flame              Hex/Fire       ####....     4%          3    ##.....
 Portal Projectile        Hex/Tloc       ####..       4%          3    ##.....
 Force Lance              Conj/Tloc      ####....     9%          4    ####...
 Blink                    Tloc           N/A          12%         2    None
 Call Imp                 Summ           #.......     12%         2    None
 Leda's Liquefaction      Hex/Erth       ####......   14%         4    ####...


Dungeon Overview and Level Annotations

Branches:
Dungeon (10/15)            Temple (1/1) D:5            Lair (1/6) D:9
    Orc (0/2) D:10

Altars:
Ashenzari
Cheibriados
Dithmenos
Elyvilon
Fedhas
Gozag
Hepliaklqana
Kikubaaqudgha
Makhleb
Nemelex Xobeh
Okawaru
Qazlal
Ru
Sif Muna
Trog
Uskayaw
Vehumet
Wu Jian
Xom
Yredelemnul
Zin
The Shining One

Shops:
D:10 (


Innate Abilities, Weirdness & Mutations

You can spit globs of acid.
Your golden yellow scales are hard. (AC +7)
You cannot fit into any form of body armour.
You are cold-blooded and may be slowed by cold attacks.
You are resistant to acid. (rCorr)
Your life essence is reduced to manifest your ancestor. (-10% HP)


Message History

You conjure a prism of explosive energy!
A fulminant prism comes into view.
The six-headed hydra bites you! The six-headed hydra misses you.
The six-headed hydra closely misses you.
The six-headed hydra bites you! The six-headed hydra bites you.
The six-headed hydra bites you but does no damage.
Unknown command.
Your fulminant prism crackles loudly.
Your fulminant prism explodes!
The blast of energy engulfs the water moccasin!!
You kill the water moccasin!
The blast of energy engulfs Audrea!!
You destroy Audrea!
The blast of energy engulfs the six-headed hydra!!
The six-headed hydra is severely wounded.
You hear a croak.
You hear a loud, deep croak!
You hear a croak.
The six-headed hydra bites you!
* * * LOW HITPOINT WARNING * * *
The six-headed hydra barely misses you. The six-headed hydra bites you!
You die...

#......##.....##...####.
##...###...........# ##.
##..## ##...#......# #.#
##..## #..##......###..
#...## ##...........#..#
##...####.......#......##
##...##......###...#.#.#
#..#....D##.......#....#
#.#.....@####.....##....#
####.#....# ####.##...#..
###....## ##......##P.
##....###......## #.
#...#..[.....## .
#........##..# .
#.......P## .##
#.###....## .. #.#
###.... #..


You could see a six-headed hydra.

Vanquished Creatures
  Harold (D:8)
  A two-headed ogre (D:9)
  An ugly thing (D:8)
  Joseph (D:7)
  Maurice (D:8)
  A rime drake (Lair:1)
  3 trolls (D:9)
  A hippogriff (D:9)
  Sigmund (D:5)
  A steam dragon (D:10)
  16 yaks
  2 hungry ghosts (D:10)
  Menkaure (D:6)
  Duvessa (D:4)
  2 water moccasins
  3 sky beasts
  2 ice beasts
  2 orc warriors
  2 phantoms
  A centaur (D:10)
  3 wolves (D:9)
  An ogre (D:4)
  3 crocodiles
  A big kobold (D:8)
  Blork the orc (D:6)
  3 bullfrogs
  Dowan (D:4)
  A gnoll sergeant (D:9)
  4 scorpions
  6 killer bees (D:7)
  5 electric eels (D:9)
  4 wights (D:6)
  A howler monkey (D:9)
  A crimson imp (D:5)
  A centaur zombie (D:5)
  A quasit (D:4)
  4 hounds
  4 jellies
  5 orc priests
  Ijyb (D:4)
  2 iguanas
  Natasha (thrice) (D:4)
  4 orc wizards
  2 centaur skeletons
  5 worker ants
  7 ogre zombies (D:10)
  Robin (D:2)
  10 ancestors
  4 gnolls (D:9)
  22 adders
  A shadow imp (D:9)
  2 oozes (D:4)
  A worm (D:4)
  2 dart slugs (D:2)
  8 leopard geckos
  22 orcs
  2 bats (D:2)
  10 giant cockroaches
  18 goblins
  3 hobgoblins
  10 jackals
  10 quokkas
  2 ball pythons
  6 frilled lizards
  A goblin skeleton (D:10)
  A goblin zombie (D:10)
  2 hobgoblin zombies (D:10)
  A jackal skeleton (D:7)
  16 kobolds
  4 orc skeletons (D:10)
  12 orc zombies (D:10)
  2 rats
291 creatures vanquished.

Vanquished Creatures (collateral kills)
  Prince Ribbit (D:6)
  Edmund (D:5)
  A porcupine (Lair:1)
  An ice beast (D:6)
  A sky beast (D:5)
  An ogre (D:5)
  A bullfrog (D:9)
  2 scorpions
  2 hounds (D:9)
  An orc priest (D:7)
  An iguana (D:6)
  3 worker ants
  A killer bee zombie (D:8)
  An ogre zombie (D:10)
  A hound skeleton (D:6)
  A howler monkey skeleton (D:10)
  A worker ant zombie (D:9)
  4 gnolls (D:7)
  An adder skeleton (D:8)
  5 orcs
  A goblin skeleton (D:10)
  A hobgoblin skeleton (D:10)
  An orc skeleton (D:10)
  2 orc zombies (D:10)
36 creatures vanquished.

Vanquished Creatures (others)
  13 ancestors
  41 fulminant prisms
54 creatures vanquished.

Grand Total: 381 creatures vanquished

Notes
Turn   | Place    | Note
-------+----------+-------------------------------------------
     0 | D:1      | Mesmaeker13 the Draconian Conjurer began the quest for the
                  | Orb.
     0 | D:1      | Reached XP level 1. HP: 14/14 MP: 3/3
   585 | D:1      | Reached XP level 2. HP: 20/20 MP: 1/5
  1666 | D:2      | Reached XP level 3. HP: 26/26 MP: 0/6
  1670 | D:2      | Learned a level 2 spell: Searing Ray
  2346 | D:2      | Noticed Robin
  2376 | D:2      | Reached XP level 4. HP: 24/33 MP: 1/8
  2406 | D:2      | Killed Robin
  3270 | D:3      | Reached XP level 5. HP: 38/38 MP: 4/9
  3406 | D:3      | Reached skill level 5 in Conjurations
  3984 | D:3      | You fall into a shaft and drop 1 floor!
  4021 | D:4      | Reached XP level 6. HP: 34/45 MP: 4/11
  4632 | D:4      | Noticed Ijyb
  4639 | D:4      | Paralysed by Ijyb for 6 turns
  4654 | D:4      | Paralysed by Ijyb for 7 turns
  4667 | D:4      | Killed Ijyb
  4772 | D:4      | Noticed Natasha
  4775 | D:4      | Killed Natasha
  4963 | D:4      | Your scales start taking on a golden yellow colour.
  4963 | D:4      | Reached XP level 7. HP: 50/50 MP: 7/13
  4963 | D:4      | Gained mutation: You are resistant to acid. (rCorr) [Yellow
                  | Draconian growth]
  5153 | D:4      | Noticed Duvessa
  5163 | D:4      | Noticed Dowan
  5177 | D:4      | Killed Duvessa
  5177 | D:4      | Reached skill level 6 in Conjurations
  5193 | D:4      | Killed Dowan
  6027 | D:4      | Reached skill level 5 in Dodging
  6336 | D:4      | Noticed Natasha
  6341 | D:4      | Killed Natasha
  6341 | D:4      | Reached skill level 5 in Spellcasting
  6673 | D:4      | Noticed Natasha
  6687 | D:4      | Killed Natasha
  6738 | D:5      | Entered Level 5 of the Dungeon
  6772 | D:5      | Learned a level 4 spell: Fulminant Prism
  6806 | D:5      | Reached XP level 8. HP: 57/57 MP: 9/15
  6983 | D:5      | Reached skill level 1 in Hexes
  7221 | D:5      | Noticed Sigmund
  7255 | D:5      | Killed Sigmund
  7255 | D:5      | Reached skill level 7 in Conjurations
  7391 | D:5      | Found a staircase to the Ecumenical Temple.
  7400 | Temple   | Entered the Ecumenical Temple
  7461 | Temple   | Became a worshipper of Hepliaklqana the Forgotten
  7845 | D:5      | Noticed Edmund
  7856 | D:5      | Killed Edmund
  7861 | D:5      | Learned a level 3 spell: Dazzling Spray
  8439 | D:5      | Reached * piety under Hepliaklqana
  9377 | D:6      | Reached XP level 9. HP: 32/55 MP: 14/16
  9412 | D:6      | Found a radiant altar of Vehumet.
  9424 | D:6      | Reached skill level 8 in Conjurations
  9534 | D:6      | Noticed Menkaure
  9544 | D:6      | Killed Menkaure
  9730 | D:6      | Found a sacrificial altar of Ru.
  9743 | D:6      | Noticed Blork the orc
  9753 | D:6      | Killed Blork the orc
 10348 | D:6      | Noticed Prince Ribbit
 10358 | D:6      | Killed Prince Ribbit
 10883 | D:7      | Reached ** piety under Hepliaklqana
 10885 | D:7      | Noticed Joseph
 10913 | D:7      | Killed Joseph
 10913 | D:7      | Reached skill level 5 in Hexes
 10987 | D:7      | Reached skill level 9 in Conjurations
 11759 | D:8      | Reached XP level 10. HP: 62/62 MP: 14/17
 11817 | D:8      | Noticed Harold
 11839 | D:8      | Killed Harold
 12676 | D:8      | Noticed a cyan ugly thing
 12696 | D:8      | Killed a cyan ugly thing
 12696 | D:8      | Reached skill level 10 in Conjurations
 13113 | D:8      | Noticed Maurice
 13127 | D:8      | Killed Maurice
 13567 | D:8      | Learned a level 3 spell: Mephitic Cloud
 14692 | D:9      | Reached XP level 11. HP: 44/66 MP: 11/18
 14813 | D:9      | Found the +10 Black Knight's horse barding {ponderous,
                  | rPois rN+}
 14925 | D:9      | Found the +3 hat of Pondering {ponderous, MR+ MP+10 Int+5}
 15106 | D:9      | Noticed a two-headed ogre
 15118 | D:9      | Killed a two-headed ogre
 15650 | D:9      | Found a staircase to the Lair.
 15755 | D:9      | Found a shimmering blue altar of Sif Muna.
 15755 | D:9      | Found a shadowy altar of Dithmenos.
 15757 | D:9      | Found a basalt altar of Yredelemnul.
 15783 | D:10     | Entered Level 10 of the Dungeon
 15797 | D:10     | Reached skill level 11 in Conjurations
 16137 | D:10     | Reached *** piety under Hepliaklqana
 16426 | D:10     | Reached skill level 1 in Poison Magic
 16471 | D:10     | Found a staircase to the Orcish Mines.
 16515 | D:10     | Found a white marble altar of Elyvilon.
 16735 | D:10     | Found Kuyjifuh's Antique Weapon Shoppe.
 16738 | D:10     | Bought a crystal great sword for 287 gold pieces
 16881 | D:10     | Reached skill level 10 in Dodging
 17201 | Lair:1   | Entered Level 1 of the Lair of Beasts
 17206 | Lair:1   | Identified the +7 great sword "Goneas" {flame, Str+3} (You
                  | bought it in a shop on level 10 of the Dungeon)
 17333 | Lair:1   | Noticed a six-headed hydra
 17350 | Lair:1   | Slain by a six-headed hydra

Levels and vault maps discovered:
D:1:      minmay_arrival_up_and_down, layout_basic
D:2:      kb_forest_paths, layout_basic, first_ration, minmay_misc_feat_iff,
          corexii_corridor_pit, uniq_robin
D:3:      wad_river_or_something, layout_rooms
D:4:      kennysheep_six_static_rooms, layout_basic, nzn_random_ring,
          uniq_duvessa, uniq_ijyb, uniq_natasha
D:5:      layout_basic, temple_fountains, uniq_edmund, uniq_sigmund
D:6:      layout_loops_ring, vehumet_crystals, nicolae_ru_awakened_eye,
          uniq_prince_ribbit1, uniq_blork_the_orc, uniq_menkaure
D:7:      layout_basic, uniq_joseph
D:8:      layout_gridville, uniq_maurice, uniq_harold
D:9:      layout_cave_pools, gammafunk_temple_overflow_forgotten,
          erik_lair_island
D:10:     layout_basic, zombieorc2_lemuel, basic_altar, serial_shops,
          kennysheep_mini_moat
Temple:   hc_temple_tempest_star
Lair:1:   beast_lair_carwin_large_2, layout_layer_cave, serial_bayou_pond_a,
          chequers_serial_rivers_micro_b, infiniplex_staircase_pool_2,
          uniq_grum, uniq_fannar, uniq_gastronok

Skill      XL: |  1  2  3  4  5  6  7  8  9 10 11 |
---------------+----------------------------------+-----
Dodging        | 2 3 4 5 6 7 9 10 | 10.1
Spellcasting   | 3 4 5 |  5.1
Conjurations   | 5 6 7 9 10 11 | 11.0
Hexes          | 3 5 7 8 |  8.6
Poison Magic   | 2 |  2.8
Stealth        | |  1.7

Action                   |  1- 3 |  4- 6 |  7- 9 | 10-12 || total
-------------------------+-------+-------+-------+-------++-------
Melee: Dagger            |    22 |    34 |    26 |       ||    82
       Tailslap          |     1 |     2 |    14 |     6 ||    23
       Spear             |       |       |   110 |   133 ||   243
       Trident           |       |       |    15 |       ||    15
       Unarmed           |       |       |     3 |       ||     3
       Great sword       |       |       |       |     6 ||     6
Throw: Dart              |       |     7 |     5 |     1 ||    13
       Throwing net      |       |       |       |     1 ||     1
 Cast: Magic Dart        |    70 |    96 |   123 |   166 ||   455
       Searing Ray       |     2 |     7 |    21 |    21 ||    51
       Fulminant Prism   |       |       |    10 |    31 ||    41
       Dazzling Spray    |       |       |     1 |       ||     1
       Mephitic Cloud    |       |       |       |     2 ||     2
 Abil: Breathe Acid      |       |       |     7 |     5 ||    12
Evoke: Wand              |     1 |     1 |    14 |     8 ||    24
  Use: Scroll            |     2 |     5 |     5 |     2 ||    14
 Stab: Paralysed         |       |       |     5 |       ||     5
       Distracted        |       |       |       |     2 ||     2
  Eat: Chunk             |     5 |     9 |    14 |    20 ||    48
       Ration            |       |       |     3 |     1 ||     4
Armor: Skin              |     7 |    28 |    28 |    32 ||    95
Dodge: Dodged            |    29 |    65 |   137 |   138 ||   369
       Rpst.: Great sword |       |       |       |     3 ||     3
